Carolina Hurricanes vs Buffalo Sabres

Created - dimanche, 25 février 2024 at 19:00

Goals
1 2 3 T
Carolina Hurricanes 3 1 0 4
Buffalo Sabres 1 1 3 5
Shots
1 2 3 T
Carolina Hurricanes 18 10 8 36
Buffalo Sabres 13 7 20 40

1st period

1. Carolina Hurricanes , Andrei Svechnikov 28 (Jordan Staal 28, Sebastian Aho 48) at 13:59
2. Carolina Hurricanes , Brock McGinn 9 (Stefan Noesen 16, Noah Hanifin 22) at 14:21
3. Carolina Hurricanes , Jordan Staal 18 (Andrei Svechnikov 25, Sebastian Aho 49) at 17:48
4. Buffalo Sabres , Evander Kane 18 (Alex Wennberg 24, Mattias Samuelsson 17) at 19:08

Penalties :
Stefan Noesen (CAR) for Hooking (Minor) at 6:10

2nd period

5. Buffalo Sabres , Tomas Hertl 25 (Alex Tuch 36) at 2:08
6. Carolina Hurricanes , Brett Pesce 4 (Noah Hanifin 23, Stefan Noesen 17) at 4:47 (PP)

Penalties :
Erik Johnson (BUF) for Roughing (Minor) at 4:22, Noah Hanifin (CAR) for Delaying the game (Minor) at 15:44

3rd period

7. Buffalo Sabres , Marcus Johansson 10 (Ryan Strome 25, Dylan Cozens 19) at 7:00
8. Buffalo Sabres , Jeff Skinner 17 (Tomas Hertl 37, Casey Fitzgerald 3) at 7:56
9. Buffalo Sabres , Alex Tuch 29 (Dylan Cozens 20, Tomas Hertl 38) at 8:09 (PP)

Penalties :
Nino Niederreiter (CAR) for Holding (Minor) at 1:44, Brett Pesce (CAR) for Roughing (Minor) at 7:59, Henri Jokiharju (BUF) for Hooking (Minor) at 8:36

Goalie Stats

Pyotr Kochetkov (CAR), 35 saves from 40 shots - (0.875), L, 2-2-1, 59:30 minutes
Linus Ullmark (BUF), 32 saves from 36 shots - (0.889), W, 27-11-3, 60:00 minutes

Players Stats for Carolina Hurricanes

Player Name              G  A  P  +/- PIM S  H  SB GA TA FO     MP     PP MP  PK MP  
------------------------------------------------------------------------------------
Andrei Svechnikov        1  1  2   2  0   9  2  0  0  0  1/2    18:36   1:19   2:23 
Anthony Duclair          0  0  0   0  0   3  0  0  0  0  3/7     8:25   0:00   0:00 
Brendan Smith            0  0  0   0  0   0  1  1  0  0  0/0    13:48   0:00   1:28 
Brett Pesce              1  0  1   0  2   1  1  5  0  0  0/0    22:20   1:30   2:23 
Brock McGinn             1  0  1  -1  0   2  1  1  0  0  1/2    13:35   0:00   0:34 
Calen Addison            0  0  0  -1  0   0  2  2  0  0  0/0    20:58   0:54   2:11 
Carl Grundstrom          0  0  0   0  0   1  1  0  0  0  0/1     9:00   0:00   0:00 
Denis Gurianov           0  0  0  -1  0   2  0  0  0  0  2/3    15:06   0:00   2:05 
Dylan Coghlan            0  0  0   0  0   1  0  0  0  0  0/0    17:38   0:25   2:06 
Jake Bean                0  0  0   0  0   0  1  1  0  0  0/0    17:51   0:54   1:13 
Jesperi Kotkaniemi       0  0  0  -2  0   0  4  0  0  0  14/28  18:06   1:05   0:40 
Jordan Staal             1  1  2   2  0   4  0  1  0  0  0/2    18:16   1:19   2:05 
Julien Gauthier          0  0  0   0  0   1  0  0  0  0  0/0     8:25   0:00   0:00 
Nino Niederreiter        0  0  0  -2  2   0  2  0  0  0  0/2    17:27   1:05   1:09 
Noah Hanifin             0  2  2  -1  2   0  2  1  0  0  0/0    23:32   1:05   2:05 
Sebastian Aho            0  2  2   2  0   2  0  0  0  0  15/33  20:14   1:19   2:50 
Stefan Noesen            0  2  2  -1  2   3  2  0  0  0  9/23   14:39   1:05   0:34 
Taylor Hall              0  0  0  -2  0   7  0  0  0  0  0/2    15:53   0:00   0:42 

Players Stats for Buffalo Sabres

Player Name              G  A  P  +/- PIM S  H  SB GA TA FO     MP     PP MP  PK MP  
------------------------------------------------------------------------------------
Alex Tuch                1  1  2   2  0   5  2  0  0  0  1/1    17:46   3:03   0:00 
Alex Wennberg            0  1  1   0  0   2  0  0  0  0  16/29  16:57   0:45   1:26 
Brett Leason             0  0  0   0  0   0  1  0  0  0  0/0    14:18   0:00   0:00 
Casey Fitzgerald         0  1  1   1  0   1  0  1  0  0  0/0    18:44   2:29   0:38 
Dylan Cozens             0  2  2   0  0   2  2  0  0  0  10/24  15:26   3:15   0:00 
Dylan Gambrell           0  0  0  -1  0   0  1  0  0  0  1/1    11:56   0:00   1:09 
Erik Johnson             0  0  0   1  2   1  2  1  0  0  0/0    18:40   0:37   0:40 
Evander Kane             1  0  1   0  0   3  0  0  0  0  1/1    17:30   2:19   0:17 
Henri Jokiharju          0  0  0   1  2   3  3  0  0  0  0/0    20:31   2:15   0:25 
Ilya Lyubushkin          0  0  0   1  0   3  1  0  0  0  0/0    19:46   2:26   1:15 
Jeff Skinner             1  0  1   2  0   4  1  0  0  0  1/3    16:42   2:14   0:00 
Justin Holl              0  0  0  -1  0   0  0  0  0  0  0/0    19:27   1:23   0:55 
Kyle Okposo              0  0  0  -1  0   2  1  0  0  0  2/2    11:17   0:00   0:58 
Marcus Johansson         1  0  1   0  0   4  0  0  0  0  0/1    13:55   1:37   0:00 
Mattias Samuelsson       0  1  1  -1  0   2  1  2  0  0  0/0    21:08   3:04   0:55 
Nick Bonino              0  0  0  -1  0   0  0  0  0  0  6/13   11:45   0:00   0:58 
Ryan Strome              0  1  1   0  0   1  1  0  0  0  1/2    14:48   2:52   0:00 
Tomas Hertl              1  2  3   2  0   7  1  0  0  0  21/28  16:58   2:16   0:00 

3 Stars

1 - Tomas Hertl (BUF)
2 - Alex Tuch (BUF)
3 - Andrei Svechnikov (CAR)

Power Play

Carolina Hurricanes - 1 on 2 Attempt(s) - 50.00%
Buffalo Sabres - 1 on 4 Attempt(s) - 25.00%

Penalty Kill

Carolina Hurricanes - 3 on 4 Attempt(s) - 75.00% - Score 0 goal in Penalty Kill
Buffalo Sabres - 1 on 2 Attempt(s) - 50.00% - Score 0 goal in Penalty Kill

Team Stat

Carolina Hurricanes - Hits : 19 - Faceoff Wins : 45 - Blocked Shots : 12 - Penalty Minutes : 8
Buffalo Sabres - Hits : 17 - Faceoff Wins : 60 - Blocked Shots : 4 - Penalty Minutes : 4

Official

Referees : Justin St Pierre and Chris Lee
Linesman : Derek Nansen and Ryan Daisy

Game Notes

Brendan Smith is injured at 2:12 of 3rd period (Separated Left Shoulder)

Finance

Level 1 -- Attendance: 10000 (100.00%) -- Ticket Income $ 890 000
Level 2 -- Attendance: 1873 (93.65%) -- Ticket Income $ 140 475
Level 3 -- Attendance: 3500 (100.00%) -- Ticket Income $ 154 000
Level 4 -- Attendance: 1450 (100.00%) -- Ticket Income $ 42 050
Luxury Box -- Attendance: 46 (92.00%) -- Ticket Income $ 10 074
Game was played at the KeyBank Center.
Total Attendance: 16869 (99.23%)
Total Ticket Income: $ 1 236 599
Total Income: $ 1 236 599

Carolina Hurricanes

5 vs 5 Forward 
   Center                   Left Wing                Right Wing               Time % Phy DF OF 
 1 Sebastian Aho            Jordan Staal             Andrei Svechnikov        30     1   2  2  
 2 Jesperi Kotkaniemi       Taylor Hall              Nino Niederreiter        30     1   2  2  
 3 Stefan Noesen            Brock McGinn             Denis Gurianov           25     1   2  2  
 4 Anthony Duclair          Carl Grundstrom          Julien Gauthier          15     1   2  2  

5 vs 5 Defense 
   Defense                  Defense                                           Time % Phy DF OF 
 1 Brett Pesce              Noah Hanifin                                      37     1   2  2  
 2 Calen Addison            Brendan Smith                                     35     1   2  2  
 3 Jake Bean                Dylan Coghlan                                     28     1   2  2  
 4 Brett Pesce              Noah Hanifin                                      0      1   2  2  

PowerPlay Forward 
   Center                   Left Wing                Right Wing               Time % Phy DF OF 
 1 Sebastian Aho            Jordan Staal             Andrei Svechnikov        50     1   2  2  
 2 Jesperi Kotkaniemi       Stefan Noesen            Nino Niederreiter        50     1   2  2  

PowerPlay Defense
   Defense                  Defense                                           Time % Phy DF OF 
 1 Brett Pesce              Noah Hanifin                                      50     1   2  2  
 2 Calen Addison            Brendan Smith                                     50     1   2  2  

Penalty Kill 4 Players Forward 
   Center                   Wing                     Time % Phy DF OF 
 1 Sebastian Aho            Jordan Staal             50     1   2  2  
 2 Andrei Svechnikov        Nino Niederreiter        50     1   2  2  

Penalty Kill 4 Players Defense
   Defense                  Defense                  Time % Phy DF OF 
 1 Brett Pesce              Noah Hanifin             50     1   2  2  
 2 Calen Addison            Brendan Smith            50     1   2  2  

Penalty Kill - 3 Players Forward 
   Forward                                           Time % Phy DF OF 
 1 Sebastian Aho                                     50     1   2  2  
 2 Jordan Staal                                      50     1   2  2  

Penalty Kill - 3 Players Defense
   Defense                  Defense                  Time % Phy DF OF 
 1 Brett Pesce              Noah Hanifin             50     1   2  2  
 2 Calen Addison            Brendan Smith            50     1   2  2  

4 vs 4 Forward 
   Center                   Wing                     Time % Phy DF OF 
 1 Sebastian Aho            Jordan Staal             50     1   2  2  
 2 Andrei Svechnikov        Brock McGinn             50     1   2  2  

4 vs 4 Defense
   Defense                  Defense                  Time % Phy DF OF 
 1 Brett Pesce              Noah Hanifin             50     1   2  2  
 2 Calen Addison            Brendan Smith            50     1   2  2  

Last Minutes Offensive
   Center                   Left Wing                Right Wing               Defense                  Defense                  
   Sebastian Aho            Jordan Staal             Andrei Svechnikov        Brett Pesce              Noah Hanifin             

Last Minutes Defensive
   Center                   Left Wing                Right Wing               Defense                  Defense                  
   Sebastian Aho            Jordan Staal             Andrei Svechnikov        Brett Pesce              Noah Hanifin             

Goaltenders
Starting : Pyotr Kochetkov          
Backup : Arturs Silovs            

Extra Forwards
Normal : Stefan Noesen, Brock McGinn, Denis Gurianov - PP : Stefan Noesen, Brock McGinn - PK : Denis Gurianov
Extra Defensemen
Normal : Jake Bean, Dylan Coghlan, Calen Addison - PP : Jake Bean - PK : Dylan Coghlan, Calen Addison
Penalty Shots
Sebastian Aho, Jordan Staal, Andrei Svechnikov, Denis Gurianov, Nino Niederreiter
Custom OT Lines Forwards
Sebastian Aho, Jordan Staal, Andrei Svechnikov, Taylor Hall, Nino Niederreiter, Jesperi Kotkaniemi, Stefan Noesen, Brock McGinn, Denis Gurianov, Carl Grundstrom
Custom OT Lines Defensemen
Brett Pesce, Noah Hanifin, Calen Addison, Brendan Smith, Jake Bean

Scratches
Brendan Lemieux (Healthy), Tyler Tucker (Healthy), Frederik Andersen (Exhaustion)

Buffalo Sabres

5 vs 5 Forward 
   Center                   Left Wing                Right Wing               Time % Phy DF OF 
 1 Tomas Hertl              Jeff Skinner             Alex Tuch                28     0   1  4  
 2 Alex Wennberg            Evander Kane             Brett Leason             28     1   2  2  
 3 Dylan Cozens             Marcus Johansson         Ryan Strome              24     1   2  2  
 4 Nick Bonino              Kyle Okposo              Dylan Gambrell           20     1   3  1  

5 vs 5 Defense 
   Defense                  Defense                                           Time % Phy DF OF 
 1 Erik Johnson             Henri Jokiharju                                   34     1   3  1  
 2 Mattias Samuelsson       Justin Holl                                       33     1   3  1  
 3 Casey Fitzgerald         Ilya Lyubushkin                                   33     1   3  1  
 4 Casey Fitzgerald         Ilya Lyubushkin                                   0      1   3  1  

PowerPlay Forward 
   Center                   Left Wing                Right Wing               Time % Phy DF OF 
 1 Tomas Hertl              Alex Tuch                Dylan Cozens             50     1   1  3  
 2 Jeff Skinner             Evander Kane             Ryan Strome              50     1   1  3  

PowerPlay Defense
   Defense                  Defense                                           Time % Phy DF OF 
 1 Ilya Lyubushkin          Henri Jokiharju                                   50     0   2  3  
 2 Mattias Samuelsson       Casey Fitzgerald                                  50     0   2  3  

Penalty Kill 4 Players Forward 
   Center                   Wing                     Time % Phy DF OF 
 1 Alex Wennberg            Dylan Gambrell           50     0   5  0  
 2 Nick Bonino              Kyle Okposo              50     0   5  0  

Penalty Kill 4 Players Defense
   Defense                  Defense                  Time % Phy DF OF 
 1 Mattias Samuelsson       Justin Holl              50     0   5  0  
 2 Erik Johnson             Henri Jokiharju          50     0   5  0  

Penalty Kill - 3 Players Forward 
   Forward                                           Time % Phy DF OF 
 1 Nick Bonino                                       50     0   5  0  
 2 Alex Wennberg                                     50     0   5  0  

Penalty Kill - 3 Players Defense
   Defense                  Defense                  Time % Phy DF OF 
 1 Mattias Samuelsson       Justin Holl              50     0   5  0  
 2 Erik Johnson             Henri Jokiharju          50     0   5  0  

4 vs 4 Forward 
   Center                   Wing                     Time % Phy DF OF 
 1 Tomas Hertl              Dylan Cozens             50     1   2  2  
 2 Alex Wennberg            Evander Kane             50     1   2  2  

4 vs 4 Defense
   Defense                  Defense                  Time % Phy DF OF 
 1 Mattias Samuelsson       Justin Holl              50     1   2  2  
 2 Ilya Lyubushkin          Henri Jokiharju          50     1   2  2  

Last Minutes Offensive
   Center                   Left Wing                Right Wing               Defense                  Defense                  
   Tomas Hertl              Jeff Skinner             Alex Tuch                Mattias Samuelsson       Casey Fitzgerald         

Last Minutes Defensive
   Center                   Left Wing                Right Wing               Defense                  Defense                  
   Nick Bonino              Alex Wennberg            Dylan Gambrell           Mattias Samuelsson       Henri Jokiharju          

Goaltenders
Starting : Linus Ullmark            
Backup : Karel Vejmelka           

Extra Forwards
Normal : Evander Kane, Ryan Strome, Tomas Hertl - PP : Marcus Johansson, Alex Wennberg - PK : Evander Kane
Extra Defensemen
Normal : Henri Jokiharju, Mattias Samuelsson, Ilya Lyubushkin - PP : Justin Holl - PK : Ilya Lyubushkin, Casey Fitzgerald
Penalty Shots
Alex Tuch, Jeff Skinner, Dylan Cozens, Evander Kane, Tomas Hertl
Custom OT Lines Forwards
Tomas Hertl, Alex Tuch, Dylan Cozens, Evander Kane, Ryan Strome, Jeff Skinner, Brett Leason, Marcus Johansson, Nick Bonino, Kyle Okposo
Custom OT Lines Defensemen
Mattias Samuelsson, Henri Jokiharju, Justin Holl, Casey Fitzgerald, Ilya Lyubushkin

Scratches
Jake McCabe (Broken Bone (Left Arm) Injury), Nicklas Backstrom (Healthy), Colin Miller (Healthy), Mark Jankowski (Sore Left Knee Injury)

% Time on Ice - Carolina Hurricanes

Lines # - Real PCT - Wanted PCT - Time Play
Normal Forward
1 - 29% - 30% - 14:52
2 - 29% - 30% - 14:36
3 - 26% - 25% - 13:01
4 - 17% - 15% - 8:25
Normal Defense
1 - 33% - 37% - 16:53
2 - 37% - 35% - 18:37
3 - 30% - 28% - 15:24
4 - 0% - 0% - 0:00
PP Forward
1 - 55% - 50% - 1:19
2 - 45% - 50% - 1:05
PP Defense
1 - 45% - 50% - 1:05
2 - 55% - 50% - 1:19
PK Forward
1 - 53% - 50% - 3:16
2 - 47% - 50% - 2:51
PK Defense
1 - 59% - 50% - 3:36
2 - 41% - 50% - 2:31
PK3 Forward
1 - 0% - 50%
2 - 0% - 50%
PK3 Defense
1 - 0% - 50%
2 - 0% - 50%
44 Forward
1 - 0% - 50%
2 - 0% - 50%
44 Defense
1 - 0% - 50%
2 - 0% - 50%
Last Minute Offensive  - 0:35
Last Minute Defensive  - 0:00
Total
Forward - 60:00
Defense - 60:00

% Time on Ice - Buffalo Sabres

Lines # - Real PCT - Wanted PCT - Time Play
Normal Forward
1 - 28% - 28% - 14:28
2 - 28% - 28% - 14:18
3 - 23% - 24% - 11:41
4 - 20% - 20% - 10:19
Normal Defense
1 - 34% - 34% - 17:24
2 - 33% - 33% - 16:54
3 - 32% - 33% - 16:28
4 - 0% - 0% - 0:00
PP Forward
1 - 53% - 50% - 3:15
2 - 47% - 50% - 2:52
PP Defense
1 - 47% - 50% - 2:51
2 - 53% - 50% - 3:16
PK Forward
1 - 60% - 50% - 1:26
2 - 40% - 50% - 0:58
PK Defense
1 - 38% - 50% - 0:55
2 - 62% - 50% - 1:29
PK3 Forward
1 - 0% - 50%
2 - 0% - 50%
PK3 Defense
1 - 0% - 50%
2 - 0% - 50%
44 Forward
1 - 0% - 50%
2 - 0% - 50%
44 Defense
1 - 0% - 50%
2 - 0% - 50%
Last Minute Offensive  - 0:00
Last Minute Defensive  - 0:43
Total
Forward - 60:00
Defense - 60:00

Play-by-Play

1st period


0:01 of 1st period - Tomas Hertl wins face-off versus Sebastian Aho in neutral zone.
0:03 of 1st period - Off-side.
0:04 of 1st period - Jesperi Kotkaniemi wins face-off versus Alex Wennberg in neutral zone.
0:10 of 1st period - Icing by Justin Holl.
0:11 of 1st period - Alex Wennberg wins face-off versus Brock McGinn in Buffalo Sabres zone.
0:42 of 1st period - Shot by Alex Wennberg.
0:42 of 1st period - Stopped by Pyotr Kochetkov without a rebound.
0:43 of 1st period - Sebastian Aho wins face-off versus Dylan Cozens in Carolina Hurricanes zone.
1:02 of 1st period - Shot by Andrei Svechnikov.
1:02 of 1st period - Shot Misses the Net.
1:49 of 1st period - Erik Johnson is hit by Jesperi Kotkaniemi and loses puck.
1:55 of 1st period - Taylor Hall is hit by Erik Johnson and loses puck.
1:58 of 1st period - Shot by Jesperi Kotkaniemi.
1:58 of 1st period - Shot Misses the Net.
2:08 of 1st period - Anthony Duclair is hit by Alex Tuch and loses puck.
2:35 of 1st period - Icing by Julien Gauthier.
2:36 of 1st period - Alex Wennberg wins face-off versus Anthony Duclair in Carolina Hurricanes zone.
2:43 of 1st period - Shot by Evander Kane.
2:43 of 1st period - Stopped by Pyotr Kochetkov without a rebound.
2:44 of 1st period - Stefan Noesen wins face-off versus Alex Wennberg in Carolina Hurricanes zone.
3:04 of 1st period - Off-side.
3:05 of 1st period - Nick Bonino wins face-off versus Jesperi Kotkaniemi in neutral zone.
3:12 of 1st period - Shot by Kyle Okposo.
3:12 of 1st period - Shot Blocked by Calen Addison.
3:26 of 1st period - Shot by Taylor Hall.
3:26 of 1st period - Stopped by Linus Ullmark without a rebound.
3:27 of 1st period - Tomas Hertl wins face-off versus Sebastian Aho in Buffalo Sabres zone.
3:45 of 1st period - Icing by Sebastian Aho.
3:46 of 1st period - Sebastian Aho wins face-off versus Dylan Cozens in Carolina Hurricanes zone.
4:13 of 1st period - Icing by Noah Hanifin.
4:14 of 1st period - Sebastian Aho wins face-off versus Nick Bonino in Carolina Hurricanes zone.
4:27 of 1st period - Shot by Nick Bonino.
4:27 of 1st period - Shot Blocked by Brett Pesce.
4:58 of 1st period - Shot by Tomas Hertl.
4:58 of 1st period - Shot Blocked by Noah Hanifin.
5:00 of 1st period - Shot by Alex Tuch.
5:00 of 1st period - Stopped by Pyotr Kochetkov without a rebound.
5:01 of 1st period - Alex Wennberg wins face-off versus Jesperi Kotkaniemi in Carolina Hurricanes zone.
5:02 of 1st period - Shot by Mattias Samuelsson.
5:02 of 1st period - Stopped by Pyotr Kochetkov without a rebound.
5:03 of 1st period - Jesperi Kotkaniemi wins face-off versus Alex Wennberg in Carolina Hurricanes zone.
5:05 of 1st period - Icing by Calen Addison.
5:06 of 1st period - Alex Wennberg wins face-off versus Jesperi Kotkaniemi in Carolina Hurricanes zone.
5:09 of 1st period - Shot by Evander Kane.
5:09 of 1st period - Stopped by Pyotr Kochetkov with a rebound.
5:15 of 1st period - Shot by Casey Fitzgerald.
5:15 of 1st period - Shot Misses the Net.
5:17 of 1st period - Shot by Ilya Lyubushkin.
5:17 of 1st period - Shot Misses the Net.
6:05 of 1st period - Shot by Brock McGinn.
6:05 of 1st period - Shot Misses the Net.
6:10 of 1st period - Minor Penalty to Stefan Noesen for Hooking.
6:11 of 1st period - Sebastian Aho wins face-off versus Tomas Hertl in Carolina Hurricanes zone.
8:29 of 1st period - Shot by Anthony Duclair.
8:29 of 1st period - Stopped by Linus Ullmark without a rebound.
8:30 of 1st period - Stefan Noesen wins face-off versus Alex Wennberg in Buffalo Sabres zone.
8:31 of 1st period - Shot by Andrei Svechnikov.
8:31 of 1st period - Stopped by Linus Ullmark without a rebound.
8:32 of 1st period - Alex Wennberg wins face-off versus Denis Gurianov in Buffalo Sabres zone.
8:46 of 1st period - Icing by Brendan Smith.
8:47 of 1st period - Kyle Okposo wins face-off versus Stefan Noesen in Carolina Hurricanes zone.
8:48 of 1st period - Shot by Nick Bonino.
8:48 of 1st period - Shot Blocked by Brock McGinn.
9:36 of 1st period - Shot by Julien Gauthier.
9:36 of 1st period - Shot Misses the Net.
9:47 of 1st period - Icing by Mattias Samuelsson.
9:48 of 1st period - Alex Wennberg wins face-off versus Jesperi Kotkaniemi in Buffalo Sabres zone.
10:07 of 1st period - Shot by Taylor Hall.
10:07 of 1st period - Stopped by Linus Ullmark without a rebound.
10:08 of 1st period - Tomas Hertl wins face-off versus Sebastian Aho in Buffalo Sabres zone.
10:24 of 1st period - Shot by Jeff Skinner.
10:24 of 1st period - Stopped by Pyotr Kochetkov without a rebound.
10:25 of 1st period - Brock McGinn wins face-off versus Dylan Cozens in Carolina Hurricanes zone.
10:25 of 1st period - Brock McGinn is hit by Dylan Cozens.
10:32 of 1st period - Icing by Brock McGinn.
10:33 of 1st period - Tomas Hertl wins face-off versus Stefan Noesen in Carolina Hurricanes zone.
10:44 of 1st period - Shot by Stefan Noesen.
10:44 of 1st period - Shot Misses the Net.
10:46 of 1st period - Shot by Dylan Coghlan.
10:46 of 1st period - Stopped by Linus Ullmark without a rebound.
10:47 of 1st period - Jesperi Kotkaniemi wins face-off versus Ryan Strome in Buffalo Sabres zone.
10:58 of 1st period - Shot by Taylor Hall.
10:58 of 1st period - Stopped by Linus Ullmark without a rebound.
10:59 of 1st period - Tomas Hertl wins face-off versus Jordan Staal in Buffalo Sabres zone.
11:21 of 1st period - Shot by Andrei Svechnikov.
11:21 of 1st period - Stopped by Linus Ullmark without a rebound.
11:22 of 1st period - Ryan Strome wins face-off versus Jesperi Kotkaniemi in Buffalo Sabres zone.
11:35 of 1st period - Shot by Marcus Johansson.
11:35 of 1st period - Stopped by Pyotr Kochetkov with a rebound.
11:38 of 1st period - Icing by Jesperi Kotkaniemi.
11:39 of 1st period - Alex Wennberg wins face-off versus Jesperi Kotkaniemi in Carolina Hurricanes zone.
12:03 of 1st period - Icing by Calen Addison.
12:04 of 1st period - Dylan Cozens wins face-off versus Nino Niederreiter in Carolina Hurricanes zone.
12:19 of 1st period - Shot by Stefan Noesen.
12:19 of 1st period - Stopped by Linus Ullmark without a rebound.
12:20 of 1st period - Tomas Hertl wins face-off versus Sebastian Aho in Buffalo Sabres zone.
12:32 of 1st period - Shot by Sebastian Aho.
12:32 of 1st period - Shot Misses the Net.
12:40 of 1st period - Shot by Sebastian Aho.
12:40 of 1st period - Shot Misses the Net.
12:42 of 1st period - Shot by Sebastian Aho.
12:42 of 1st period - Stopped by Linus Ullmark without a rebound.
12:43 of 1st period - Denis Gurianov wins face-off versus Dylan Cozens in Buffalo Sabres zone.
12:44 of 1st period - Shot by Brock McGinn.
12:44 of 1st period - Deflect By Denis Gurianov.
12:44 of 1st period - Stopped by Linus Ullmark without a rebound.
12:45 of 1st period - Dylan Cozens wins face-off versus Stefan Noesen in Buffalo Sabres zone.
13:10 of 1st period - Shot by Stefan Noesen.
13:10 of 1st period - Stopped by Linus Ullmark without a rebound.
13:11 of 1st period - Jesperi Kotkaniemi wins face-off versus Tomas Hertl in Buffalo Sabres zone.
13:32 of 1st period - Shot by Taylor Hall.
13:32 of 1st period - Stopped by Linus Ullmark without a rebound.
13:33 of 1st period - Sebastian Aho wins face-off versus Alex Wennberg in Buffalo Sabres zone.
13:33 of 1st period - Sebastian Aho is hit by Henri Jokiharju.
13:38 of 1st period - Sebastian Aho is hit by Henri Jokiharju and loses puck.
13:46 of 1st period - Andrei Svechnikov is hit by Henri Jokiharju and loses puck.
13:49 of 1st period - Shot by Jordan Staal.
13:49 of 1st period - Shot Misses the Net.
13:51 of 1st period - Shot by Andrei Svechnikov.
13:51 of 1st period - Deflect By Sebastian Aho.
13:51 of 1st period - Shot Misses the Net.
13:53 of 1st period - Shot by Sebastian Aho.
13:53 of 1st period - Shot Misses the Net.
13:55 of 1st period - Shot by Sebastian Aho.
13:55 of 1st period - Shot Blocked by Erik Johnson.
13:57 of 1st period - Shot by Jordan Staal.
13:57 of 1st period - Shot Misses the Net.
13:59 of 1st period - Shot by Andrei Svechnikov.
13:59 of 1st period - Goal by Andrei Svechnikov - Carolina Hurricanes : 1 - Buffalo Sabres : 0.
14:00 of 1st period - Stefan Noesen wins face-off versus Dylan Cozens in neutral zone.
14:19 of 1st period - Shot by Stefan Noesen.
14:19 of 1st period - Shot Misses the Net.
14:21 of 1st period - Shot by Brock McGinn.
14:21 of 1st period - Goal by Brock McGinn - Carolina Hurricanes : 2 - Buffalo Sabres : 0.
14:22 of 1st period - Jesperi Kotkaniemi wins face-off versus Nick Bonino in neutral zone.
14:25 of 1st period - Shot by Taylor Hall.
14:25 of 1st period - Shot Misses the Net.
14:48 of 1st period - Brendan Smith is hit by Kyle Okposo.
15:01 of 1st period - Shot by Jeff Skinner.
15:01 of 1st period - Stopped by Pyotr Kochetkov with a rebound.
15:19 of 1st period - Shot by Alex Tuch.
15:19 of 1st period - Deflect By Jeff Skinner.
15:19 of 1st period - Shot Misses the Net.
15:21 of 1st period - Shot by Alex Tuch.
15:21 of 1st period - Shot Misses the Net.
15:23 of 1st period - Shot by Henri Jokiharju.
15:23 of 1st period - Stopped by Pyotr Kochetkov without a rebound.
15:24 of 1st period - Andrei Svechnikov wins face-off versus Alex Wennberg in Carolina Hurricanes zone.
15:26 of 1st period - Icing by Jake Bean.
15:27 of 1st period - Alex Wennberg wins face-off versus Sebastian Aho in Carolina Hurricanes zone.
15:34 of 1st period - Shot by Andrei Svechnikov.
15:34 of 1st period - Stopped by Linus Ullmark without a rebound.
15:35 of 1st period - Stefan Noesen wins face-off versus Dylan Cozens in Buffalo Sabres zone.
16:12 of 1st period - Icing by Justin Holl.
16:13 of 1st period - Dylan Cozens wins face-off versus Sebastian Aho in Buffalo Sabres zone.
16:42 of 1st period - Shot by Andrei Svechnikov.
16:42 of 1st period - Stopped by Linus Ullmark without a rebound.
16:43 of 1st period - Alex Wennberg wins face-off versus Anthony Duclair in Buffalo Sabres zone.
17:27 of 1st period - Icing by Noah Hanifin.
17:28 of 1st period - Tomas Hertl wins face-off versus Jesperi Kotkaniemi in Carolina Hurricanes zone.
17:28 of 1st period - Tomas Hertl is hit by Brett Pesce.
17:34 of 1st period - Shot by Tomas Hertl.
17:34 of 1st period - Deflect By Jeff Skinner.
17:34 of 1st period - Shot Misses the Net.
17:36 of 1st period - Shot by Alex Tuch.
17:36 of 1st period - Stopped by Pyotr Kochetkov without a rebound.
17:37 of 1st period - Sebastian Aho wins face-off versus Nick Bonino in Carolina Hurricanes zone.
17:42 of 1st period - Shot by Jordan Staal.
17:42 of 1st period - Shot Misses the Net.
17:44 of 1st period - Shot by Jordan Staal.
17:44 of 1st period - Stopped by Linus Ullmark with a rebound.
17:46 of 1st period - Shot by Andrei Svechnikov.
17:46 of 1st period - Shot Misses the Net.
17:48 of 1st period - Shot by Jordan Staal.
17:48 of 1st period - Goal by Jordan Staal - Carolina Hurricanes : 3 - Buffalo Sabres : 0.
17:49 of 1st period - Tomas Hertl wins face-off versus Stefan Noesen in neutral zone.
17:52 of 1st period - Shot by Tomas Hertl.
17:52 of 1st period - Shot Misses the Net.
17:54 of 1st period - Shot by Tomas Hertl.
17:54 of 1st period - Stopped by Pyotr Kochetkov without a rebound.
17:55 of 1st period - Tomas Hertl wins face-off versus Sebastian Aho in Carolina Hurricanes zone.
18:08 of 1st period - Jeff Skinner is hit by Brendan Smith and loses puck.
18:28 of 1st period - Jeff Skinner is hit by Calen Addison.
18:48 of 1st period - Shot by Kyle Okposo.
18:48 of 1st period - Stopped by Pyotr Kochetkov without a rebound.
18:49 of 1st period - Alex Wennberg wins face-off versus Taylor Hall in Carolina Hurricanes zone.
18:53 of 1st period - Alex Wennberg is hit by Jake Bean and loses puck.
19:00 of 1st period - Shot by Evander Kane.
19:00 of 1st period - Shot Misses the Net.
19:02 of 1st period - Shot by Mattias Samuelsson.
19:02 of 1st period - Shot Misses the Net.
19:04 of 1st period - Shot by Alex Wennberg.
19:04 of 1st period - Shot Misses the Net.
19:06 of 1st period - Shot by Alex Wennberg.
19:06 of 1st period - Shot Misses the Net.
19:08 of 1st period - Shot by Evander Kane.
19:08 of 1st period - Goal by Evander Kane - Carolina Hurricanes : 3 - Buffalo Sabres : 1.
19:09 of 1st period - Dylan Cozens wins face-off versus Stefan Noesen in neutral zone.
19:11 of 1st period - Marcus Johansson is hit by Noah Hanifin and loses puck.
19:40 of 1st period - Marcus Johansson is hit by Stefan Noesen.
Goals for this period are 3 for Carolina Hurricanes vs 1 for Buffalo Sabres.
Shots for this period are 18 for Carolina Hurricanes vs 13 for Buffalo Sabres.

2nd period


0:01 of 2nd period - Jesperi Kotkaniemi wins face-off versus Alex Wennberg in neutral zone.
0:49 of 2nd period - Dylan Gambrell is hit by Jesperi Kotkaniemi and loses puck.
1:31 of 2nd period - Shot by Tomas Hertl.
1:31 of 2nd period - Stopped by Pyotr Kochetkov without a rebound.
1:32 of 2nd period - Sebastian Aho wins face-off versus Tomas Hertl in Carolina Hurricanes zone.
1:32 of 2nd period - Sebastian Aho is hit by Tomas Hertl.
1:42 of 2nd period - Jordan Staal is hit by Jeff Skinner and loses puck.
1:48 of 2nd period - Icing by Brett Pesce.
1:49 of 2nd period - Sebastian Aho wins face-off versus Dylan Cozens in Carolina Hurricanes zone.
1:58 of 2nd period - Shot by Sebastian Aho.
1:58 of 2nd period - Deflect By Andrei Svechnikov.
1:58 of 2nd period - Stopped by Linus Ullmark without a rebound.
1:59 of 2nd period - Tomas Hertl wins face-off versus Stefan Noesen in Buffalo Sabres zone.
2:08 of 2nd period - Shot by Tomas Hertl.
2:08 of 2nd period - Goal by Tomas Hertl - Carolina Hurricanes : 3 - Buffalo Sabres : 2.
2:09 of 2nd period - Sebastian Aho wins face-off versus Alex Wennberg in neutral zone.
2:20 of 2nd period - Shot by Sebastian Aho.
2:20 of 2nd period - Stopped by Linus Ullmark without a rebound.
2:21 of 2nd period - Stefan Noesen wins face-off versus Tomas Hertl in Buffalo Sabres zone.
2:45 of 2nd period - Ilya Lyubushkin is hit by Stefan Noesen and loses puck.
2:50 of 2nd period - Shot by Stefan Noesen.
2:50 of 2nd period - Shot Misses the Net.
3:56 of 2nd period - Shot by Jordan Staal.
3:56 of 2nd period - Stopped by Linus Ullmark with a rebound.
3:58 of 2nd period - Shot by Andrei Svechnikov.
3:58 of 2nd period - Stopped by Linus Ullmark with a rebound.
4:00 of 2nd period - Shot by Andrei Svechnikov.
4:00 of 2nd period - Stopped by Linus Ullmark without a rebound.
4:01 of 2nd period - Anthony Duclair wins face-off versus Alex Wennberg in Buffalo Sabres zone.
4:22 of 2nd period - Minor Penalty to Erik Johnson for Roughing.
4:23 of 2nd period - Kyle Okposo wins face-off versus Jesperi Kotkaniemi in Buffalo Sabres zone.
4:45 of 2nd period - Shot by Noah Hanifin.
4:45 of 2nd period - Shot Misses the Net.
4:47 of 2nd period - Shot by Brett Pesce.
4:47 of 2nd period - Goal by Brett Pesce - Carolina Hurricanes : 4 - Buffalo Sabres : 2.
4:48 of 2nd period - Sebastian Aho wins face-off versus Tomas Hertl in neutral zone.
4:55 of 2nd period - Shot by Andrei Svechnikov.
4:55 of 2nd period - Shot Misses the Net.
5:32 of 2nd period - Icing by Calen Addison.
5:33 of 2nd period - Anthony Duclair wins face-off versus Nick Bonino in Carolina Hurricanes zone.
7:06 of 2nd period - Icing by Stefan Noesen.
7:07 of 2nd period - Dylan Cozens wins face-off versus Stefan Noesen in Carolina Hurricanes zone.
7:16 of 2nd period - Shot by Stefan Noesen.
7:16 of 2nd period - Shot Misses the Net.
7:18 of 2nd period - Shot by Denis Gurianov.
7:18 of 2nd period - Deflect By Stefan Noesen.
7:18 of 2nd period - Shot Misses the Net.
7:20 of 2nd period - Shot by Brock McGinn.
7:20 of 2nd period - Stopped by Linus Ullmark without a rebound.
7:21 of 2nd period - Tomas Hertl wins face-off versus Sebastian Aho in Buffalo Sabres zone.
7:40 of 2nd period - Shot by Tomas Hertl.
7:40 of 2nd period - Stopped by Pyotr Kochetkov without a rebound.
7:41 of 2nd period - Stefan Noesen wins face-off versus Nick Bonino in Carolina Hurricanes zone.
7:59 of 2nd period - Off-side.
8:00 of 2nd period - Dylan Cozens wins face-off versus Jesperi Kotkaniemi in neutral zone.
8:00 of 2nd period - Dylan Cozens is hit by Jesperi Kotkaniemi.
8:06 of 2nd period - Shot by Marcus Johansson.
8:06 of 2nd period - Stopped by Pyotr Kochetkov without a rebound.
8:07 of 2nd period - Alex Tuch wins face-off versus Sebastian Aho in Carolina Hurricanes zone.
8:12 of 2nd period - Shot by Tomas Hertl.
8:12 of 2nd period - Stopped by Pyotr Kochetkov without a rebound.
8:13 of 2nd period - Alex Wennberg wins face-off versus Jesperi Kotkaniemi in Carolina Hurricanes zone.
8:59 of 2nd period - Shot by Denis Gurianov.
8:59 of 2nd period - Stopped by Linus Ullmark without a rebound.
9:00 of 2nd period - Nick Bonino wins face-off versus Sebastian Aho in Buffalo Sabres zone.
9:07 of 2nd period - Sebastian Aho is hit by Dylan Gambrell and loses puck.
9:14 of 2nd period - Shot by Nick Bonino.
9:14 of 2nd period - Shot Blocked by Jordan Staal.
9:46 of 2nd period - Jordan Staal is hit by Dylan Cozens and loses puck.
10:25 of 2nd period - Icing by Erik Johnson.
10:26 of 2nd period - Tomas Hertl wins face-off versus Jesperi Kotkaniemi in Buffalo Sabres zone.
10:26 of 2nd period - Tomas Hertl is hit by Nino Niederreiter.
11:00 of 2nd period - Icing by Jesperi Kotkaniemi.
11:01 of 2nd period - Jesperi Kotkaniemi wins face-off versus Nick Bonino in Carolina Hurricanes zone.
11:13 of 2nd period - Shot by Kyle Okposo.
11:13 of 2nd period - Stopped by Pyotr Kochetkov without a rebound.
11:14 of 2nd period - Alex Wennberg wins face-off versus Stefan Noesen in Carolina Hurricanes zone.
12:17 of 2nd period - Shot by Anthony Duclair.
12:17 of 2nd period - Stopped by Linus Ullmark with a rebound.
12:29 of 2nd period - Icing by Calen Addison.
12:30 of 2nd period - Anthony Duclair wins face-off versus Tomas Hertl in Carolina Hurricanes zone.
12:37 of 2nd period - Icing by Henri Jokiharju.
12:38 of 2nd period - Tomas Hertl wins face-off versus Jesperi Kotkaniemi in Buffalo Sabres zone.
13:04 of 2nd period - Shot by Alex Tuch.
13:04 of 2nd period - Stopped by Pyotr Kochetkov without a rebound.
13:05 of 2nd period - Nick Bonino wins face-off versus Sebastian Aho in Carolina Hurricanes zone.
13:29 of 2nd period - Shot by Andrei Svechnikov.
13:29 of 2nd period - Shot Misses the Net.
13:31 of 2nd period - Shot by Jordan Staal.
13:31 of 2nd period - Stopped by Linus Ullmark without a rebound.
13:32 of 2nd period - Alex Wennberg wins face-off versus Stefan Noesen in Buffalo Sabres zone.
13:59 of 2nd period - Shot by Alex Wennberg.
13:59 of 2nd period - Shot Misses the Net.
14:47 of 2nd period - Shot by Alex Tuch.
14:47 of 2nd period - Deflect By Jeff Skinner.
14:47 of 2nd period - Shot Misses the Net.
15:08 of 2nd period - Jeff Skinner is hit by Noah Hanifin and loses puck.
15:44 of 2nd period - Minor Penalty to Noah Hanifin for Delaying the game.
15:45 of 2nd period - Denis Gurianov wins face-off versus Marcus Johansson in Carolina Hurricanes zone.
16:06 of 2nd period - Shot by Mattias Samuelsson.
16:06 of 2nd period - Shot Misses the Net.
18:40 of 2nd period - Stefan Noesen is hit by Alex Tuch and loses puck.
19:16 of 2nd period - Icing by Mattias Samuelsson.
19:17 of 2nd period - Alex Wennberg wins face-off versus Sebastian Aho in Buffalo Sabres zone.
19:39 of 2nd period - Off-side.
19:40 of 2nd period - Nick Bonino wins face-off versus Jesperi Kotkaniemi in neutral zone.
19:45 of 2nd period - Icing by Taylor Hall.
19:46 of 2nd period - Jesperi Kotkaniemi wins face-off versus Dylan Cozens in Carolina Hurricanes zone.
Goals for this period are 1 for Carolina Hurricanes vs 1 for Buffalo Sabres.
Shots for this period are 10 for Carolina Hurricanes vs 7 for Buffalo Sabres.

3rd period


0:01 of 3rd period - Jesperi Kotkaniemi wins face-off versus Dylan Cozens in neutral zone.
0:20 of 3rd period - Off-side.
0:21 of 3rd period - Sebastian Aho wins face-off versus Alex Wennberg in neutral zone.
0:49 of 3rd period - Shot by Sebastian Aho.
0:49 of 3rd period - Shot Misses the Net.
0:51 of 3rd period - Shot by Andrei Svechnikov.
0:51 of 3rd period - Shot Misses the Net.
0:53 of 3rd period - Shot by Jordan Staal.
0:53 of 3rd period - Shot Blocked by Casey Fitzgerald.
1:06 of 3rd period - Icing by Brett Pesce.
1:07 of 3rd period - Dylan Cozens wins face-off versus Jordan Staal in Carolina Hurricanes zone.
1:12 of 3rd period - Shot by Marcus Johansson.
1:12 of 3rd period - Stopped by Pyotr Kochetkov without a rebound.
1:13 of 3rd period - Jesperi Kotkaniemi wins face-off versus Dylan Cozens in Carolina Hurricanes zone.
1:44 of 3rd period - Minor Penalty to Nino Niederreiter for Holding.
1:45 of 3rd period - Tomas Hertl wins face-off versus Sebastian Aho in Carolina Hurricanes zone.
1:46 of 3rd period - Shot by Mattias Samuelsson.
1:46 of 3rd period - Deflect By Dylan Cozens.
1:46 of 3rd period - Stopped by Pyotr Kochetkov without a rebound.
1:47 of 3rd period - Jeff Skinner wins face-off versus Andrei Svechnikov in Carolina Hurricanes zone.
1:52 of 3rd period - Shot by Mattias Samuelsson.
1:52 of 3rd period - Shot Misses the Net.
1:54 of 3rd period - Shot by Mattias Samuelsson.
1:54 of 3rd period - Stopped by Pyotr Kochetkov without a rebound.
1:55 of 3rd period - Sebastian Aho wins face-off versus Tomas Hertl in Carolina Hurricanes zone.
2:12 of 3rd period - Shot by Ilya Lyubushkin.
2:12 of 3rd period - Shot Blocked by Brendan Smith.
2:12 of 3rd period - Brendan Smith from Carolina Hurricanes is injured at 2:12 of 3rd period (Separated Left Shoulder).
2:13 of 3rd period - Sebastian Aho wins face-off versus Jeff Skinner in Carolina Hurricanes zone.
2:13 of 3rd period - Sebastian Aho is hit by Ryan Strome.
2:31 of 3rd period - Shot by Evander Kane.
2:31 of 3rd period - Deflect By Ryan Strome.
2:31 of 3rd period - Stopped by Pyotr Kochetkov without a rebound.
2:32 of 3rd period - Tomas Hertl wins face-off versus Sebastian Aho in Carolina Hurricanes zone.
2:33 of 3rd period - Shot by Alex Tuch.
2:33 of 3rd period - Shot Blocked by Brett Pesce.
3:23 of 3rd period - Shot by Evander Kane.
3:23 of 3rd period - Shot Blocked by Calen Addison.
4:01 of 3rd period - Shot by Taylor Hall.
4:01 of 3rd period - Shot Misses the Net.
4:17 of 3rd period - Erik Johnson is hit by Nino Niederreiter and loses puck.
4:28 of 3rd period - Shot by Anthony Duclair.
4:28 of 3rd period - Stopped by Linus Ullmark without a rebound.
4:29 of 3rd period - Alex Wennberg wins face-off versus Carl Grundstrom in Buffalo Sabres zone.
4:39 of 3rd period - Icing by Justin Holl.
4:40 of 3rd period - Stefan Noesen wins face-off versus Alex Wennberg in Buffalo Sabres zone.
5:01 of 3rd period - Shot by Stefan Noesen.
5:01 of 3rd period - Shot Blocked by Mattias Samuelsson.
5:19 of 3rd period - Jordan Staal is hit by Brett Leason.
5:31 of 3rd period - Shot by Andrei Svechnikov.
5:31 of 3rd period - Shot Misses the Net.
6:33 of 3rd period - Alex Tuch is hit by Carl Grundstrom and loses puck.
6:48 of 3rd period - Shot by Jeff Skinner.
6:48 of 3rd period - Shot Misses the Net.
6:50 of 3rd period - Shot by Tomas Hertl.
6:50 of 3rd period - Stopped by Pyotr Kochetkov with a rebound.
6:52 of 3rd period - Shot by Ilya Lyubushkin.
6:52 of 3rd period - Stopped by Pyotr Kochetkov with a rebound.
6:54 of 3rd period - Shot by Ilya Lyubushkin.
6:54 of 3rd period - Shot Misses the Net.
6:56 of 3rd period - Shot by Jeff Skinner.
6:56 of 3rd period - Stopped by Pyotr Kochetkov without a rebound.
6:57 of 3rd period - Dylan Cozens wins face-off versus Stefan Noesen in Carolina Hurricanes zone.
7:00 of 3rd period - Shot by Marcus Johansson.
7:00 of 3rd period - Goal by Marcus Johansson - Carolina Hurricanes : 4 - Buffalo Sabres : 3.
7:01 of 3rd period - Dylan Cozens wins face-off versus Stefan Noesen in neutral zone.
7:04 of 3rd period - Shot by Henri Jokiharju.
7:04 of 3rd period - Stopped by Pyotr Kochetkov without a rebound.
7:05 of 3rd period - Stefan Noesen wins face-off versus Dylan Cozens in Carolina Hurricanes zone.
7:24 of 3rd period - Shot by Dylan Cozens.
7:24 of 3rd period - Stopped by Pyotr Kochetkov without a rebound.
7:25 of 3rd period - Tomas Hertl wins face-off versus Jesperi Kotkaniemi in Carolina Hurricanes zone.
7:46 of 3rd period - Shot by Alex Tuch.
7:46 of 3rd period - Stopped by Pyotr Kochetkov with a rebound.
7:50 of 3rd period - Shot by Alex Tuch.
7:50 of 3rd period - Shot Misses the Net.
7:54 of 3rd period - Shot by Tomas Hertl.
7:54 of 3rd period - Stopped by Pyotr Kochetkov with a rebound.
7:56 of 3rd period - Shot by Tomas Hertl.
7:56 of 3rd period - Deflect By Jeff Skinner.
7:56 of 3rd period - Goal by Jeff Skinner - Carolina Hurricanes : 4 - Buffalo Sabres : 4.
7:57 of 3rd period - Dylan Cozens wins face-off versus Stefan Noesen in neutral zone.
7:59 of 3rd period - Minor Penalty to Brett Pesce for Roughing.
8:00 of 3rd period - Tomas Hertl wins face-off versus Sebastian Aho in Carolina Hurricanes zone.
8:09 of 3rd period - Shot by Alex Tuch.
8:09 of 3rd period - Goal by Alex Tuch - Carolina Hurricanes : 4 - Buffalo Sabres : 5.
8:10 of 3rd period - Dylan Gambrell wins face-off versus Stefan Noesen in neutral zone.
8:17 of 3rd period - Shot by Henri Jokiharju.
8:17 of 3rd period - Shot Blocked by Brett Pesce.
8:22 of 3rd period - Noah Hanifin is hit by Erik Johnson and loses puck.
8:36 of 3rd period - Minor Penalty to Henri Jokiharju for Hooking.
8:37 of 3rd period - Sebastian Aho wins face-off versus Alex Wennberg in Buffalo Sabres zone.
9:27 of 3rd period - Icing by Noah Hanifin.
9:28 of 3rd period - Jesperi Kotkaniemi wins face-off versus Alex Wennberg in Carolina Hurricanes zone.
9:37 of 3rd period - Shot by Brett Pesce.
9:37 of 3rd period - Shot Misses the Net.
10:08 of 3rd period - Shot by Andrei Svechnikov.
10:08 of 3rd period - Shot Misses the Net.
10:10 of 3rd period - Shot by Andrei Svechnikov.
10:10 of 3rd period - Stopped by Linus Ullmark without a rebound.
10:11 of 3rd period - Alex Wennberg wins face-off versus Sebastian Aho in Buffalo Sabres zone.
10:34 of 3rd period - Sebastian Aho is hit by Ilya Lyubushkin and loses puck.
10:47 of 3rd period - Icing by Carl Grundstrom.
10:48 of 3rd period - Tomas Hertl wins face-off versus Anthony Duclair in Carolina Hurricanes zone.
10:48 of 3rd period - Tomas Hertl is hit by Calen Addison.
10:56 of 3rd period - Shot by Tomas Hertl.
10:56 of 3rd period - Deflect By Jeff Skinner.
10:56 of 3rd period - Shot Misses the Net.
11:04 of 3rd period - Shot by Noah Hanifin.
11:04 of 3rd period - Shot Misses the Net.
11:14 of 3rd period - Shot by Jeff Skinner.
11:14 of 3rd period - Shot Misses the Net.
11:16 of 3rd period - Shot by Ilya Lyubushkin.
11:16 of 3rd period - Stopped by Pyotr Kochetkov without a rebound.
11:17 of 3rd period - Jesperi Kotkaniemi wins face-off versus Dylan Cozens in Carolina Hurricanes zone.
11:32 of 3rd period - Shot by Taylor Hall.
11:32 of 3rd period - Stopped by Linus Ullmark with a rebound.
11:34 of 3rd period - Shot by Nino Niederreiter.
11:34 of 3rd period - Shot Misses the Net.
11:43 of 3rd period - Nino Niederreiter is hit by Mattias Samuelsson and loses puck.
12:13 of 3rd period - Shot by Stefan Noesen.
12:13 of 3rd period - Stopped by Linus Ullmark without a rebound.
12:14 of 3rd period - Sebastian Aho wins face-off versus Jeff Skinner in Buffalo Sabres zone.
12:15 of 3rd period - Shot by Andrei Svechnikov.
12:15 of 3rd period - Shot Misses the Net.
12:23 of 3rd period - Shot by Jeff Skinner.
12:23 of 3rd period - Shot Misses the Net.
12:25 of 3rd period - Shot by Tomas Hertl.
12:25 of 3rd period - Shot Blocked by Brett Pesce.
12:27 of 3rd period - Shot by Jeff Skinner.
12:27 of 3rd period - Shot Blocked by Brett Pesce.
12:29 of 3rd period - Shot by Henri Jokiharju.
12:29 of 3rd period - Stopped by Pyotr Kochetkov with a rebound.
12:31 of 3rd period - Shot by Erik Johnson.
12:31 of 3rd period - Shot Misses the Net.
12:33 of 3rd period - Shot by Erik Johnson.
12:33 of 3rd period - Stopped by Pyotr Kochetkov without a rebound.
12:34 of 3rd period - Nick Bonino wins face-off versus Anthony Duclair in Carolina Hurricanes zone.
12:57 of 3rd period - Shot by Julien Gauthier.
12:57 of 3rd period - Stopped by Linus Ullmark with a rebound.
13:20 of 3rd period - Icing by Brett Pesce.
13:21 of 3rd period - Tomas Hertl wins face-off versus Taylor Hall in Carolina Hurricanes zone.
13:34 of 3rd period - Henri Jokiharju is hit by Jesperi Kotkaniemi and loses puck.
13:50 of 3rd period - Icing by Henri Jokiharju.
13:51 of 3rd period - Tomas Hertl wins face-off versus Sebastian Aho in Buffalo Sabres zone.
13:51 of 3rd period - Jeff Skinner is hit by Andrei Svechnikov and loses puck.
14:05 of 3rd period - Jeff Skinner is hit by Andrei Svechnikov and loses puck.
14:27 of 3rd period - Icing by Ryan Strome.
14:28 of 3rd period - Stefan Noesen wins face-off versus Dylan Cozens in Buffalo Sabres zone.
14:47 of 3rd period - Shot by Stefan Noesen.
14:47 of 3rd period - Shot Misses the Net.
15:16 of 3rd period - Shot by Alex Wennberg.
15:16 of 3rd period - Stopped by Pyotr Kochetkov with a rebound.
15:18 of 3rd period - Shot by Ilya Lyubushkin.
15:18 of 3rd period - Stopped by Pyotr Kochetkov with a rebound.
15:20 of 3rd period - Shot by Casey Fitzgerald.
15:20 of 3rd period - Stopped by Pyotr Kochetkov without a rebound.
15:21 of 3rd period - Jesperi Kotkaniemi wins face-off versus Nick Bonino in Carolina Hurricanes zone.
15:40 of 3rd period - Shot by Taylor Hall.
15:40 of 3rd period - Stopped by Linus Ullmark without a rebound.
15:41 of 3rd period - Tomas Hertl wins face-off versus Sebastian Aho in Buffalo Sabres zone.
15:50 of 3rd period - Shot by Alex Tuch.
15:50 of 3rd period - Shot Blocked by Jake Bean.
15:52 of 3rd period - Shot by Alex Tuch.
15:52 of 3rd period - Shot Misses the Net.
16:00 of 3rd period - Shot by Jeff Skinner.
16:00 of 3rd period - Shot Misses the Net.
16:47 of 3rd period - Shot by Anthony Duclair.
16:47 of 3rd period - Shot Blocked by Mattias Samuelsson.
16:50 of 3rd period - Icing by Mattias Samuelsson.
16:51 of 3rd period - Jesperi Kotkaniemi wins face-off versus Dylan Cozens in Buffalo Sabres zone.
17:10 of 3rd period - Shot by Taylor Hall.
17:10 of 3rd period - Stopped by Linus Ullmark without a rebound.
17:11 of 3rd period - Nick Bonino wins face-off versus Stefan Noesen in Buffalo Sabres zone.
17:35 of 3rd period - Nick Bonino is hit by Brock McGinn.
19:30 of 3rd period - Carolina Hurricanes, Pyotr Kochetkov is pulled from the net.
19:40 of 3rd period - Shot by Jesperi Kotkaniemi.
19:40 of 3rd period - Shot Misses the Net.
19:44 of 3rd period - Shot by Carl Grundstrom.
19:44 of 3rd period - Stopped by Linus Ullmark without a rebound.
19:45 of 3rd period - Evander Kane wins face-off versus Nino Niederreiter in Buffalo Sabres zone.
19:56 of 3rd period - Shot by Evander Kane.
19:56 of 3rd period - Shot Misses the Net.
19:58 of 3rd period - Shot by Mattias Samuelsson.
19:58 of 3rd period - Shot Misses the Net.
Goals for this period are 0 for Carolina Hurricanes vs 3 for Buffalo Sabres.
Shots for this period are 8 for Carolina Hurricanes vs 20 for Buffalo Sabres.